 Dungeon Crawl Stone Soup version 0.31-a0-1540-g5a0b83f448 (webtiles) character file.

Game seed: 16847099223524873150

149 VoidStrider the Firebug (level 5, -40/33 HPs)
             Began as an Octopode Fire Elementalist on Jan 2, 2024.
             Was an Initiate of Yredelemnul.
             Annihilated by an azure jelly (43 damage)
             ... created by the all-consuming vengeance of Jiyva
             ... on level 4 of the Dungeon.
             The game lasted 00:55:13 (3123 turns).

VoidStrider the Firebug (OpFE)                      Turns: 3123, Time: 00:55:14

Health: -40/33     AC:  2    Str: 13 (14) XL:     5   Next: 31%
Magic:  2/9        EV: 13    Int: 19      God:    Yredelemnul [......]
Gold:   133        SH:  0    Dex: 10      Spells: 3/9 levels left

rFire   . . .        e - +1 trident (drain)
rCold   . . .        (no shield)
rNeg    . . .        (helmet restricted)
rPois   .            (no amulet)
rElec   .            j - ring of wizardry
rCorr   .            c - +6 ring of strength
SInv    .            (no ring)
Will    .....        (no ring)
Stlth   +++          (no ring)
HPRegen 0.25/turn    (no ring)
MPRegen 0.11/turn    (no ring)
                     (no ring)

%: wizardry (x1)
@: no status effects
A: almost no armour, amphibious, 8 rings, camouflage 1, gelatinous body 1,
(nimble swimmer 1), tentacles, clumsy 1, sense surroundings 1, screaming 1,
shaggy fur 1, inability to drink after injury 1, MP-powered wands
a: Renounce Religion, Recall Undead Harvest


You were on level 4 of the Dungeon.
You worshipped Yredelemnul.
Yredelemnul was noncommittal.
You visited 1 branch of the dungeon, and saw 4 of its levels.

You collected 133 gold pieces.

Inventory:

Hand Weapons
 e - a +1 trident of draining (weapon)
 l - a +0 sling
Missiles
 f - 48 stones
 i - 3 poisoned darts
Armour
 q - a +0 scale mail
 x - a +0 helmet
Magical Staves
 g - a staff of death
Jewellery
 c - a +6 ring of strength (right tentacle)
 j - a ring of wizardry (left tentacle)
Wands
 s - a wand of iceblast (6)
Scrolls
 k - a scroll of vulnerability
 v - a scroll of teleportation
Potions
 a - a potion of magic
 m - 2 potions of brilliance


   Skills:
 + Level 1.4 Fighting
 + Level 1.8 Polearms
 + Level 2.5 Dodging
 + Level 3.5 Stealth
 + Level 2.6 Spellcasting
 + Level 1.2 Conjurations
 + Level 0.1 Translocations
 + Level 3.8 Fire Magic


You had 3 spell levels left.
You knew the following spells:

 Your Spells              Type           Power      Damage    Failure   Level
a - Foxfire               Conj/Fire      48%        2x1d6     2%          1
b - Scorch                Fire           34%        2d6       1%          2
c - Volatile Blastmotes   Fire/Tloc      20%        2d11      9%          3

Your spell library contained the following spells:

 Spells                   Type           Power      Damage    Failure   Level
 Inner Flame              Hex/Fire       9%         N/A       9%          3
 Hailstorm                Conj/Ice       4%         3d5       16%         3
 Summon Ice Beast         Ice/Summ       2%         N/A       19%         3
 Flame Wave               Conj/Fire      12%        2d6       21%         4
 Sculpt Simulacrum        Ice/Alch       Unusable   N/A       N/A         6

Dungeon Overview and Level Annotations

Branches:
Dungeon (4/15)
 Temple: D:4-7

Altars:
Dithmenos
Fedhas
Nemelex Xobeh
Uskayaw
Yredelemnul
Jiyva


Innate Abilities, Weirdness & Mutations

You cannot wear most types of armour.
You are amphibious.
You can wear up to eight rings at the same time.
Your skin changes colour to match your surroundings (Stealth+).
Your rubbery body absorbs attacks. (AC +1, EV +1)
((You are camouflaged when in or above water. (Stealth+)))
You have tentacles for arms and can constrict up to eight enemies at once.
You are clumsy. (Dex -2)
You passively map a small area around you.
You occasionally shout uncontrollably at your foes.
You are covered in fur. (AC +1)
You occasionally lose the ability to drink potions when taking damage.
You expend magic power (3 MP) to strengthen your wands.


Message History

You hit the endoplasm. You drain the endoplasm.
You kill the endoplasm!
The dead are walking!
Some slimes ooze up out of the ground!
Jiyva's gift of slime is revoked.
An azure jelly and 2 glowing orange brains come into view.
Casting: Volatile Blastmotes (quite dangerous; 9% risk of failure)
Confirm with . or Enter, or press ? or * to list all spells.
You don't know that spell.
Casting: Volatile Blastmotes (quite dangerous; 9% risk of failure)
Confirm with . or Enter, or press ? or * to list all spells.
Flames lash the azure jelly.
The azure jelly is burned terribly!
The azure jelly is lightly wounded.
The azure jelly's fire resistance burns away.
Your orc zombie hits the azure jelly but does no damage.
Casting: Scorch (safe; 1% risk of failure)
Confirm with . or Enter, or press ? or * to list all spells.
Flames lash the glowing orange brain.
The glowing orange brain is lightly wounded.
The glowing orange brain's fire resistance burns away.
Your orc zombie barely misses the azure jelly.
The cloud of blastmotes explodes!
The concussive blast engulfs your orc zombie!!
You destroy your orc zombie!
The concussive blast engulfs the azure jelly!
The azure jelly is burned terribly!
The azure jelly is moderately wounded.
The concussive blast engulfs your endoplasm zombie!
You destroy your endoplasm zombie!
You hear an angry hiss.
You completely miss the azure jelly. Your squeeze misses the azure jelly.
The azure jelly is moderately wounded.
The azure jelly hits you! The azure jelly freezes you!!
Ouch! That really hurt!
* * * LOW HITPOINT WARNING * * *
The azure jelly hits you.
* * * LOW HITPOINT WARNING * * *
The azure jelly freezes you!!!
Ouch! That really hurt!
You die...
Your body rises from the dead as a mindless zombie.

, , #..##.#...
#..#..#.#
##..##.##.)##)##..#.#
#8......####..#)....#
,,
##.........)....#.#.#
*#.ZZ.Z..##.#####.###
, , ##.Z#######Z# #.#
., #8..##### #.#
#.###
....##..##.Z#####
#<..#
.......ZZ..#.J@#***
#.#.#
.....K####.#.GG#, ,
....# ###.##,
,..#...#* ##.### #. ,
...#≈≈≈# #.# #
...##.KJ# #.# , ....
#._.# #.# 8 ,,, #....
#...# #.# * #....
####+ * , , *


You could see an azure jelly (combustible, ally target), 2 glowing orange
brains, an endoplasm, a kobold and a friendly adder zombie.

Vanquished Creatures
  A jelly (D:3)
  Robin (D:3)
  2 adders
  2 dart slugs (D:1)
  2 ribbon worms (D:3)
  3 orcs
  3 endoplasms
  2 giant cockroaches
  9 goblins
  10 hobgoblins
  3 jackals (D:2)
  8 kobolds
  6 quokkas
  6 ball pythons
  6 bats
  An endoplasm zombie (D:4)
  An orc zombie (D:4)
  8 rats
74 creatures vanquished.

Vanquished Creatures (collateral kills)
  A goblin (D:3)
1 creature vanquished.

Vanquished Creatures (others)
  An adder zombie (D:3)
  A ball python zombie (D:4)
  A giant cockroach zombie (D:3)
  4 goblin zombies (D:3)
  3 hobgoblin zombies (D:3)
  2 orc zombies
  3 quokka zombies
  A rat zombie (D:3)
  39 foxfires
55 creatures vanquished.

Grand Total: 130 creatures vanquished

Notes
Turn   | Place    | Note
-------+----------+-------------------------------------------
     0 | D:1      | VoidStrider the Octopode Fire Elementalist began the quest
                  | for the Orb.
     0 | D:1      | Reached XP level 1. HP: 11/11 MP: 3/3
   280 | D:1      | Reached XP level 2. HP: 17/17 MP: 1/5
   322 | D:1      | Learned a level 2 spell: Scorch
  1000 | D:2      | Reached XP level 3. HP: 21/21 MP: 0/6
  1276 | D:2      | Learned a level 3 spell: Volatile Blastmotes
  1323 | D:2      | Found a shadowy altar of Dithmenos.
  1548 | D:2      | Gained mutation: You are dopey. (Int -2) [potion of
                  | mutation]
  1548 | D:2      | Gained mutation: One of your tentacles bears a spike.
                  | [potion of mutation]
  1634 | D:2      | HP: 1/21 [hobgoblin (4)]
  1724 | D:2      | Lost mutation: You are dopey. (Int -2) [potion of mutation]
  1724 | D:2      | Lost mutation: One of your tentacles bears a spike. [potion
                  | of mutation]
  1724 | D:2      | Gained mutation: You are strong-willed. (Will+) [potion of
                  | mutation]
  1724 | D:2      | Gained mutation: You occasionally lose the ability to read
                  | scrolls when taking damage. [potion of mutation]
  1725 | D:2      | Lost mutation: You are strong-willed. (Will+) [potion of
                  | mutation]
  1725 | D:2      | Lost mutation: You occasionally lose the ability to read
                  | scrolls when taking damage. [potion of mutation]
  1725 | D:2      | Gained mutation: You are covered in fur. (AC +1) [potion of
                  | mutation]
  1725 | D:2      | Gained mutation: You occasionally shout uncontrollably at
                  | your foes. [potion of mutation]
  1725 | D:2      | Gained mutation: You passively map a small area around you.
                  | [potion of mutation]
  1725 | D:2      | Gained mutation: You expend magic power (3 MP) to
                  | strengthen your wands. [potion of mutation]
  1848 | D:2      | Reached skill level 1 in Fighting
  1848 | D:2      | Reached XP level 4. HP: 28/28 MP: 3/7
  2008 | D:3      | Reached skill level 1 in Polearms
  2344 | D:3      | Identified a scroll of acquirement
  2344 | D:3      | Acquired a +6 ring of strength
  2368 | D:3      | Found a faded altar of an unknown god.
  2374 | D:3      | Found a sparkling altar of Nemelex Xobeh.
  2380 | D:3      | Prayed at the altar of an unknown god.
  2380 | D:3      | Became a worshipper of Jiyva Jises the Shapeless
  2380 | D:3      | Reached * piety under Jiyva
  2380 | D:3      | Prayed at the altar of an unknown god.
  2380 | D:3      | Fell from the grace of Jiyva
  2380 | D:3      | Became a worshipper of Yredelemnul the Dark
  2380 | D:3      | Reached * piety under Yredelemnul
  2693 | D:3      | Noticed Robin
  2701 | D:3      | Reached ** piety under Yredelemnul
  2718 | D:3      | Reached XP level 5. HP: 21/33 MP: 1/8
  2730 | D:3      | Killed Robin
  2934 | D:3      | Gained mutation: You occasionally lose the ability to drink
                  | potions when taking damage. [the all-consuming vengeance of
                  | Jiyva]
  2934 | D:3      | Gained mutation: You are clumsy. (Dex -2) [the
                  | all-consuming vengeance of Jiyva]
  3114 | D:4      | Found a hide-covered altar of Uskayaw.
  3115 | D:4      | Found a blossoming altar of Fedhas.
  3121 | D:4      | Noticed a glowing orange brain
  3121 | D:4      | Noticed an azure jelly
  3121 | D:4      | Noticed a glowing orange brain
  3123 | D:4      | Annihilated by an azure jelly

Illustrated notes

Levels and vault maps discovered:
D:1:      minmay_arrival_three_doors, layout_basic, minmay_misc_feat_tower
D:2:      layout_rooms, basic_altar, minmay_ruptured
D:3:      layout_loops_ring, nicolae_overflow_ecumenical_swirl, uniq_robin
D:4:      layout_basic, mainiacjoe_overflow_divided_tiny, serial_corexii_hall,
          corexii_hall_statues_t, corexii_hall_statues_i,
          corexii_hall_statues_x, chequers_hall_statues_wall_a,
          minmay_close_crescents

Skill      XL: |  1  2  3  4 |
---------------+-------------+-----
Stealth        | 3 |  3.5
Fighting       | 1 |  1.4
Polearms       | 1 |  1.8
Dodging        | |  2.5
Spellcasting   | |  2.6
Conjurations   | |  1.2
Translocations | |  0.1
Fire Magic     | |  3.8

Action                     |  1- 3 |  4- 6 || total
---------------------------+-------+-------++-------
  Melee: Trident           |    53 |    40 ||    93
         Constrict         |    12 |     7 ||    19
         Unarmed           |     3 |     2 ||     5
         Tentacles         |     2 |     4 ||     6
         Kick              |     3 |       ||     3
         Punch             |       |     1 ||     1
   Cast: Foxfire           |    14 |    12 ||    26
         Scorch            |    13 |     8 ||    21
         Volatile Blastmot |     1 |     1 ||     2
    Use: Scroll            |     4 |     4 ||     8
         Potion            |     8 |       ||     8
   Stab: Sleeping          |       |     2 ||     2
 Armour: Skin              |    39 |    23 ||    62
  Dodge: Dodged            |    49 |    21 ||    70

Table legend: (Time is in decaauts)
 A = Elapsed time spent in this place.
 B = Non-inter-level travel time spent in this place.
 C = Inter-level travel time spent in this place.
 D = Time resting spent in this place.
 E = Time spent auto-exploring this place.
 F = Levels seen in this place.
 G = Mean time per level.
                   A        B        C        D        E       F      G
               +--------+--------+--------+--------+--------+-----+--------+
         Total |   3144 |   1218 |   1926 |    673 |      0 |   4 |  786.0 |
       Dungeon |   3144 |   1218 |   1926 |    673 |      0 |   4 |  786.0 |
               +--------+--------+--------+--------+--------+-----+--------+

Top non-repeatable levels by time:
     D:2: 1015 daAuts
     D:3: 990 daAuts
     D:1: 988 daAuts
     D:4: 149 daAuts
